 Dungeon Crawl Stone Soup version 0.27.0-1-g7a089689b8 (webtiles) character file.

Game seed: 10865225417269123413

4227 RedPan the Chiller (level 10, -7/69 HPs)
             Began as a Demonspawn Ice Elementalist on Aug 3, 2021.
             Was a Priest of Hepliaklqana.
             Mangled by a skeletal warrior (19 damage)
             ... led by a skeletal warrior
             ... on level 8 of the Dungeon.
             The game lasted 00:18:29 (8737 turns).

RedPan the Chiller (Demonspawn Ice Elementalist)    Turns: 8737, Time: 00:18:30

Health: -7/69      AC: 13    Str: 10    XL:     10   Next: 9%
Magic:  5/17       EV: 15    Int: 19    God:    Hepliaklqana [***...]
Gold:   424        SH:  0    Dex: 17    Spells: 12/19 levels left

rFire    + . .     SeeInvis .   c - +3 spear (flame)
rCold    x . .     Faith    .   (no shield)
rNeg     . . .     Spirit   .   a - +1 robe
rPois    +         Reflect  .   n - +2 hat
rElec    .         Harm     .   B - +0 cloak
rCorr    .         Rampage  .   (no gloves)
Will     .....                  (no boots)
Stlth    ++........             (no amulet)
HPRegen  0.21/turn              p - ring "Jegg" {Fire Fly Dex+4}
MPRegen  0.15/turn              v - ring of poison resistance

@: ice-armoured, freezing walls, flying, hasted, very quick
A: reduced essence, horns 2, ignite blood 2, spiny 1
a: Renounce Religion, Recall Ancestor, Ancestor Identity, Transference


You were on level 8 of the Dungeon.
You worshipped Hepliaklqana.
Hepliaklqana was most pleased with you.
You visited 1 branch of the dungeon, and saw 8 of its levels.
You also visited: Sewer.

You collected 424 gold pieces.

Inventory:

Hand Weapons
 c - a +3 spear of flaming (weapon)
 k - a +3 glaive
 w - a +2 short sword of electrocution
Missiles
 f - 5 throwing nets
Armour
 a - a +1 robe (worn)
 i - the +0 helmet of the Frog {*Slow rF++}
   (You took it off Robin on level 3 of the Dungeon)

   rF:        It greatly protects you from fire.
   *Slow:     It may slow you when you take damage.
 n - a +2 hat (worn)
 B - a +0 cloak (worn)
Jewellery
 p - the ring "Jegg" (left hand) {Fire Fly Dex+4}
   (You found it on level 4 of the Dungeon)

   [ring of fire]

   It enhances your fire magic.
   Dex:       It affects your dexterity (+4).
   rF:        It protects you from fire.
   rC:        It makes you vulnerable to cold.
   Fly:       It grants you flight.
 v - a ring of poison resistance (right hand)
Wands
 r - a wand of mindburst (15)
 t - a wand of iceblast (9)
 A - a wand of polymorph (4)
Scrolls
 h - 2 scrolls of identify
 j - 3 scrolls of magic mapping
 o - 2 scrolls of brand weapon
 q - a scroll of enchant weapon
 x - a scroll of amnesia
Potions
 b - a potion of lignification
 d - 2 potions of brilliance
 e - 7 potions of curing
 g - 2 potions of cancellation
 l - 3 potions of haste
 m - 3 potions of degeneration {unknown}
 s - 4 potions of flight
 u - a potion of heal wounds {unknown}


   Skills:
 + Level 6.7 Fighting
 + Level 6.3 Polearms
 + Level 6.6 Dodging
 - Level 2.0 Stealth
 - Level 5.0 Spellcasting
 + Level 0.9 Summonings
 - Level 7.0 Ice Magic


You had 12 spell levels left.
You knew the following spells:

 Your Spells              Type           Power      Damage    Failure   Level
a - Freeze                Ice            100%       1d11      1%          1
b - Frozen Ramparts       Ice            62%        1d8       1%          3
c - Ozocubu's Armour      Ice            31%        N/A       1%          3

Your spell library contained the following spells:

 Spells                   Type           Power      Damage    Failure   Level
 Ensorcelled Hibernation  Hex/Ice        36%        N/A       4%          2
 Magic Dart               Conj           16%        1d3       12%         1
 Call Imp                 Summ           8%         N/A       13%         2
 Hailstorm                Conj/Ice       18%        3d6       28%         4
 Gell's Gravitas          Tloc           2%         N/A       36%         3
 Lesser Beckoning         Tloc           2%         N/A       36%         3
 Mephitic Cloud           Conj/Pois/Air  4%         N/A       36%         3
 Spider Form              Tmut/Pois      2%         N/A       36%         3
 Teleport Other           Tloc           4%         N/A       36%         3
 Dispersal                Tloc           2%         N/A       100%        6
 Shadow Creatures         Summ           N/A        N/A       100%        6


Dungeon Overview and Level Annotations

Branches:
Dungeon (8/15)             Temple (0/1) D:4           Sewer (visited)
   Lair: D:8-11

Altars:
Hepliaklqana
Ru
Trog
Uskayaw
Xom
Yredelemnul


Innate Abilities, Weirdness & Mutations

Your life essence is reduced to manifest your ancestor. (-10% HP)
You have a pair of horns on your head.
Your demonic aura often causes spilled blood to erupt in flames.
You are partially covered in sharp spines.


Message History

You hit the centaur zombie. You burn the centaur zombie.
You destroy the centaur zombie!
The frozen ramparts melt away.
The skeletal warrior hits you from afar with a +0 halberd.
Unknown command.
You reach to attack!
You hit the skeletal warrior. You burn the skeletal warrior.
The skeletal warrior is heavily damaged.
Pat hits the skeletal warrior with a +0 dagger of draining.
The skeletal warrior hits you from afar with a +0 halberd!
Unknown command.
You hit the skeletal warrior but do no damage.
The skeletal warrior is heavily damaged.
Unknown command.
You barely miss the skeletal warrior.
The skeletal warrior is heavily damaged.
The skeletal warrior hits you from afar with a +0 halberd.
Unknown command.
Casting: Ozocubu's Armour (safe; 1% risk of failure)
Confirm with . or Enter, or press ? or * to list all spells.
Casting: Frozen Ramparts (safe; 1% risk of failure)
Press: ? - help, Dir - look around, f - activate The walls around you are covered in ice.
The skeletal warrior resists.
The wall freezes the skeletal warrior.
The skeletal warrior hits you with a +0 mace.
Pat hits the skeletal warrior but does no damage.
The skeletal warrior resists.
The wall freezes the skeletal warrior.
The skeletal warrior hits you but does no damage.
You hit the skeletal warrior but do no damage.
The skeletal warrior is heavily damaged.
The skeletal warrior resists.
The wall freezes the skeletal warrior.
The skeletal warrior resists.
The wall freezes the skeletal warrior.
The skeletal warrior hits you from afar with a +0 halberd!!
* * * LOW HITPOINT WARNING * * *
Unknown command.
You feel yourself speed up.
Pat hits the skeletal warrior but does no damage.
The skeletal warrior resists.
The wall freezes the skeletal warrior.
The skeletal warrior hits you from afar with a +0 halberd!!
You die...

.. # # #[# .#
#.#.###.#
##.#.#...# ## .
..#.#.#... ..
#.#.#.......
#...#.#[.R.[....
......z†@z......
...#.#.#######.
#.......#
#######.###
..........#
###..#..#.#
..#..#..#.#
#.#..#.##.#
#.#..#.##.#


You could see the friendly Pat the hexer and 2 skeletal warriors.

Vanquished Creatures
  Harold (D:7)
  A two-headed ogre (D:6)
  A steam dragon (D:7)
  Menkaure (D:7)
  Duvessa (D:7)
  The ghost of stripedtigrrr the Caller, an amateur KoSu of Lugonu (D:4)
  2 water moccasins (D:6)
  A sky beast (D:6)
  An ice beast (D:5)
  2 ogres
  A centaur (D:6)
  2 necrophages
  A phantom (D:4)
  A kobold brigand (D:6)
  A bullfrog (D:7)
  Dowan (D:7)
  A water moccasin skeleton (D:5)
  6 killer bees (D:8)
  A centaur zombie (D:8)
  3 orc priests
  2 hounds
  Crazy Yiuf (D:7)
  A centaur skeleton (D:7)
  A bullfrog skeleton (D:6)
  Jessica (D:2)
  An iguana (D:6)
  An orc wizard (D:3)
  A scorpion zombie (D:5)
  Natasha (D:3)
  A bullfrog simulacrum (D:4)
  A howler monkey zombie (D:6)
  Robin (D:3)
  10 gnolls
  3 adders
  A howler monkey skeleton (D:7)
  2 river rats (Sewer)
  2 hound simulacra (D:4)
  3 dart slugs
  8 orcs
  12 ball pythons
  6 bats
  4 endoplasms
  6 giant cockroaches
  11 hobgoblins
  11 jackals
  5 quokkas
  6 goblins
  A jackal simulacrum (D:4)
  13 kobolds
  12 rats
159 creatures vanquished.

Vanquished Creatures (collateral kills)
  A kobold brigand (Sewer)
  Blork the orc (D:5)
  A water moccasin zombie (D:5)
  A water moccasin simulacrum (D:4)
  An orc wizard (D:7)
  A hound skeleton (D:5)
  3 gnolls (D:4)
  An adder (D:4)
  3 white imps
  An adder skeleton (D:4)
  A worm (D:3)
  2 orcs
  An endoplasm (D:3)
  2 jackals
  A kobold (Sewer)
  2 rats
23 creatures vanquished.

Vanquished Creatures (others)
  A wizard (D:5)
  2 ancestors (D:3)
3 creatures vanquished.

Grand Total: 185 creatures vanquished

Notes
Turn   | Place    | Note
-------+----------+-------------------------------------------
     0 | D:1      | RedPan the Demonspawn Ice Elementalist began the quest for
                  | the Orb.
     0 | D:1      | Reached XP level 1. HP: 13/13 MP: 3/3
   271 | D:1      | Gained mutation: Your demonic aura sometimes causes spilled
                  | blood to erupt in flames. [demonic ancestry]
   271 | D:1      | Reached XP level 2. HP: 10/19 MP: 0/5
   976 | D:2      | Noticed Jessica
   986 | D:2      | Killed Jessica
   987 | D:2      | Reached skill level 4 in Ice Magic
   987 | D:2      | Reached XP level 3. HP: 21/24 MP: 5/7
  1193 | D:2      | Learned a level 3 spell: Frozen Ramparts
  1197 | D:2      | Learned a level 3 spell: Ozocubu's Armour
  1713 | D:2      | Reached XP level 4. HP: 13/30 MP: 3/8
  1960 | D:2      | Found a faded altar of an unknown god.
  2155 | D:2      | Became a worshipper of Hepliaklqana the Forgotten
  2155 | D:2      | Reached * piety under Hepliaklqana
  2728 | D:3      | Gained mutation: You are partially covered in sharp spines.
                  | [demonic ancestry]
  2728 | D:3      | Reached XP level 5. HP: 31/31 MP: 10/10
  2973 | D:3      | Reached skill level 5 in Ice Magic
  3171 | D:3      | Found a shimmering altar of Xom.
  3343 | D:3      | Identified the +0 helmet of the Frog {*Slow rF++}
  3343 | D:3      | Noticed Robin
  3360 | D:3      | Killed Robin
  3427 | D:3      | Noticed Natasha
  3433 | D:3      | Killed Natasha
  3537 | D:4      | Noticed a phantom
  3541 | D:4      | Reached XP level 6. HP: 36/36 MP: 9/12
  3782 | D:4      | Reached ** piety under Hepliaklqana
  4263 | D:4      | Reached skill level 5 in Spellcasting
  4333 | D:4      | Reached skill level 6 in Ice Magic
  4333 | D:4      | Gained mutation: Your demonic aura often causes spilled
                  | blood to erupt in flames. [demonic ancestry]
  4333 | D:4      | Reached XP level 7. HP: 9/41 MP: 7/14
  4625 | D:4      | Found a sacrificial altar of Ru.
  4714 | D:4      | Found a runed translucent gate.
  4714 | D:4      | Found a runed translucent gate.
  4715 | D:4      | Found a runed translucent gate.
  4749 | D:4      | Noticed stripedtigrrr's ghost (amateur KoSu)
  4803 | D:4      | Killed stripedtigrrr's ghost
  4804 | D:4      | Reached skill level 1 in Fighting
  4804 | D:4      | Reached skill level 1 in Polearms
  4950 | D:4      | Identified the ring "Jegg" {Fire Fly Dex+4}
  5029 | D:4      | Found a basalt altar of Yredelemnul.
  5054 | D:4      | Found a staircase to the Ecumenical Temple.
  5301 | D:5      | Entered Level 5 of the Dungeon
  5313 | D:5      | HP: 1/44 [ice beast (15)]
  5694 | D:5      | Reached XP level 8. HP: 51/51 MP: 15/15
  5702 | D:5      | Noticed Blork the orc
  5711 | D:5      | Killed Blork the orc
  5806 | D:5      | Found a bloodstained altar of Trog.
  5810 | D:5      | Noticed a wizard
  5814 | D:5      | Killed a wizard
  6633 | D:6      | Reached *** piety under Hepliaklqana
  6773 | D:6      | Reached skill level 7 in Ice Magic
  6910 | D:6      | Found a glowing drain.
  6923 | Sewer    | Entered a sewer
  6938 | Sewer    | Remembered your ancestor Pat as a hexer
  7258 | D:6      | Noticed a two-headed ogre
  7265 | D:6      | Killed a two-headed ogre
  7266 | D:6      | Reached skill level 5 in Fighting
  7266 | D:6      | Reached skill level 5 in Dodging
  7266 | D:6      | Gained mutation: You have a pair of small horns on your
                  | head. [demonic ancestry]
  7266 | D:6      | Reached XP level 9. HP: 5/61 MP: 9/16
  7646 | D:7      | Reached skill level 5 in Polearms
  7783 | D:7      | Noticed Menkaure
  7799 | D:7      | Killed Menkaure
  7964 | D:7      | Found a runed translucent door.
  7965 | D:7      | Noticed Crazy Yiuf
  8026 | D:7      | Noticed Harold
  8044 | D:7      | Killed Harold
  8283 | D:7      | Found a hide-covered altar of Uskayaw.
  8286 | D:7      | Noticed a +0 dagger
  8286 | D:7      | Noticed a +0 dagger
  8381 | D:7      | Noticed Duvessa
  8381 | D:7      | Noticed Dowan
  8384 | D:7      | Killed Dowan
  8391 | D:7      | Killed Duvessa
  8392 | D:7      | Gained mutation: You have a pair of horns on your head.
                  | [demonic ancestry]
  8392 | D:7      | Reached XP level 10. HP: 51/69 MP: 10/17
  8609 | D:7      | Killed Crazy Yiuf
  8714 | D:8      | Noticed a skeletal warrior
  8722 | D:8      | Noticed a skeletal warrior
  8737 | D:8      | Mangled by a skeletal warrior

Illustrated notes

Levels and vault maps discovered:
D:1:      evilmike_arrival_fibonacci_small, layout_basic
D:2:      layout_basic, shapermc_ecumenical_altar_pompeii, minmay_tetromino_l2,
          uniq_jessica
D:3:      minmay_spotlight, layout_rooms, mainiacjoe_overflow_paths, uniq_robin,
          uniq_natasha
D:4:      layout_basic, nicolae_ru_path_of_blood, yredelemnul_altar_generic,
          gammafunk_ghost_icy
D:5:      layout_rooms, trog_wizard, uniq_blork_the_orc
D:6:      layout_rooms, portal_sewer_entry_f
D:7:      layout_basic, dancing_weapons_uskayaw, enter_bailey_2, uniq_duvessa,
          uniq_menkaure, uniq_crazy_yiuf_cottage, uniq_harold
D:8:      layout_basic, lemuel_mausoleum_altar_kikubaaqudgha,
          david_lair_shrubbed, grunt_decor_junction

Skill      XL: |  1  2  3  4  5  6  7  8  9 |
---------------+----------------------------+-----
Dodging        | 2 3 5 6 |  6.6
Stealth        | 2 |  2.0
Ice Magic      | 4 5 6 7 |  7.0
Spellcasting   | 3 4 5 |  5.0
Fighting       | 2 5 6 |  6.7
Polearms       | 2 4 6 |  6.3
Summonings     | |  0.9

Action                   |  1- 3 |  4- 6 |  7- 9 | 10-12 || total
-------------------------+-------+-------+-------+-------++-------
Melee: Spear             |    90 |   111 |   200 |    20 ||   421
       Unarmed           |     1 |       |       |       ||     1
       Headbutt          |       |       |     3 |     5 ||     8
 Cast: Freeze            |    28 |    17 |       |       ||    45
       Frozen Ramparts   |       |     9 |    12 |     4 ||    25
       Ozocubu's Armour  |       |     5 |     6 |     3 ||    14
Invok: Ancestor Identity |       |     1 |       |       ||     1
       Ancestor Life: He |       |       |     1 |       ||     1
  Use: Scroll            |     3 |     3 |     4 |     3 ||    13
       Potion            |       |     3 |       |     1 ||     4
 Stab: Sleeping          |     7 |     3 |    11 |       ||    21
       Distracted        |     1 |     1 |     3 |       ||     5
       Confused          |       |       |     4 |       ||     4
Armor: Robe              |    19 |    23 |    43 |     7 ||    92
Dodge: Dodged            |    52 |    69 |    98 |    26 ||   245
